 Dungeon Crawl Stone Soup version 0.21.1-1-g345015f (webtiles) character file.

287 poirepourri the Magician (level 6, -3/43 HPs)
             Began as a Merfolk Transmuter on July 15, 2018.
             Killed from afar by Natasha (10 damage)
             ... with a magic dart
             ... on level 3 of the Dungeon.
             The game lasted 00:06:12 (4387 turns).

poirepourri the Magician (Merfolk Transmuter)       Turns: 4387, Time: 00:06:13

Health: -3/43      AC:  2    Str: 10      XL:     6   Next: 30%
Magic:  11/13      EV: 21    Int: 11 (12) God:
Gold:   154        SH:  0    Dex: 22      Spells: 0/15 levels left

rFire    . . .     SeeInvis .     - Unarmed
rCold    + . .     Gourm    .   (shield currently unavailable)
rNeg     . . .     Faith    .   (armour currently unavailable)
rPois    x         Spirit   .   (helmet currently unavailable)
rElec    .         Reflect  .   (cloak currently unavailable)
rCorr    .         Harm     .   (gloves currently unavailable)
MR       .....     Rnd*Rage +   (boots currently unavailable) Stlth ++........Rnd*Tele +
                                (no amulet)
HPRegen  0.14/turn              h - ring of protection from cold
MPRegen  0.13/turn              (no ring)

@: spider-form (expiring), slowed, very slow
A: tiny, (change form in water), (swift swim), (stealthy swim), berserk 1,
deterioration 1, teleportitis 1, no potion heal 1
a: End Transformation


You were on level 3 of the Dungeon.
You were not hungry.
You were a venomous arachnid creature.
You visited 1 branch of the dungeon, and saw 3 of its levels.

You collected 154 gold pieces.

Inventory:

Missiles
 a - 41 arrows
Armour
 b - a +0 robe (melded)
 m - a +1 hat (melded)
Jewellery
 h - a ring of protection from cold (left front leg)
Wands
 k - a wand of digging (5)
Scrolls
 e - a scroll of identify
 i - a scroll of remove curse
 l - a scroll of amnesia
Books
 c - a book of Changes

   Spells                             Type                      Level
   a - Beastly Appendage              Transmutation                1
   b - Sticks to Snakes               Transmutation                2
   c - Spider Form                    Transmutation/Poison         3
   d - Ice Form                       Ice/Transmutation            4
   e - Blade Hands                    Transmutation                5
Comestibles
 f - a ration


   Skills:
 - Level 1.1 Fighting
 - Level 2.6 Dodging
 + Level 4.0 Unarmed Combat
 - Level 5.1 Spellcasting
 - Level 4.2 Transmutations


You couldn't memorise any spells.
You knew the following spells:

 Your Spells              Type           Power        Failure   Level  Hunger
a - Beastly Appendage     Tmut           ##....       12%         1    None
b - Sticks to Snakes      Tmut           ##......     16%         2    ##.....
c - Spider Form           Tmut/Pois      #.........   47%         3    ###....
d - Ice Form              Ice/Tmut       #.......     83%         4    ####...
e - Blade Hands           Tmut           ##........   87%         5    ######.


Dungeon Overview and Level Annotations

Branches:
Dungeon (3/15)

Altars:
Makhleb

Annotations:
D:3 Natasha, Sigmund


Innate Abilities, Weirdness & Mutations

((You revert to your normal form in water.))
((You are very nimble and swift while swimming.))
((You are very stealthy in the water. (Stealth+)))
You tend to lose your temper in combat.
Your body sometimes deteriorates upon taking damage.
You are occasionally teleported next to monsters.
Potions are less effective at restoring your health.


Message History

The orc priest begins to cast a cantrip, but forgets the words!
You aren't carrying any potions.
Evoke which item? (* to show all) (? for menu, Esc to quit)
Okay, then.
Evoke which item? (* to show all) (? for menu, Esc to quit)
You have no means to grasp a wand firmly enough.
Natasha mumbles some strange words.
You feel disoriented.
The crimson imp blinks!
The goblin closely misses you. The ooze hits you.
* * * LOW HITPOINT WARNING * * *
Natasha misses you.
The orc priest begins to cast a cantrip, but forgets the words!
The goblin misses you.
Evoke which item? (* to show all) (? for menu, Esc to quit)
You have no means to grasp a wand firmly enough.
You completely miss the orc. The orc completely misses you.
The ooze completely misses you. Natasha casts a spell at you.
The magic dart hits you!
You die...

#.#..## #.##.≈#####*****
#...≈......,,≈≈* #.#..≈.≈h≈,≈,_≈*
#.##≈....,,,,≈≈* #.##.≈####******
############...5o...####**#######
...............Jog5.....,,.......
###############hs†..####***######
#.....# ### ####### #####..
######## #...... #......# #......
#=.....# #....(. ####### #......#
#...... ......# #......# #......
......############......###(...##


You could see an orc priest, Natasha, a crimson imp, an ooze, a white imp, an
orc and a goblin.

Vanquished Creatures
  A hound (D:2)
  An orc priest (D:3)
  Jessica (D:3)
  4 gnolls (D:3)
  8 adders
  An ooze (D:1)
  An adder skeleton (D:3)
  4 worms
  A dart slug (D:2)
  A leopard gecko (D:2)
  An orc (D:3)
  6 bats
  7 giant cockroaches
  2 hobgoblins
  3 jackals (D:1)
  A quokka (D:3)
  2 ball pythons
  3 frilled lizards
  9 goblins
  10 kobolds
  9 rats
76 creatures vanquished.

Vanquished Creatures (others)
  An orc wizard (D:3)
  A rat (D:3)
2 creatures vanquished.

Grand Total: 78 creatures vanquished

Notes
Turn   | Place    | Note
-------+----------+-------------------------------------------
     0 | D:1      | poirepourri the Merfolk Transmuter began the quest for the Orb.
     0 | D:1      | Reached XP level 1. HP: 15/15 MP: 3/3
   312 | D:1      | Reached XP level 2. HP: 18/21 MP: 2/5
   416 | D:1      | Learned a level 2 spell: Sticks to Snakes
   702 | D:1      | Reached skill level 3 in Spellcasting
   958 | D:1      | Reached XP level 3. HP: 26/26 MP: 3/7
   997 | D:1      | Learned a level 3 spell: Spider Form
  1245 | D:2      | HP: 1/26 [worm (12)]
  1755 | D:2      | Reached XP level 4. HP: 32/32 MP: 5/9
  1951 | D:2      | Found a burning altar of Makhleb.
  1958 | D:2      | Reached skill level 4 in Spellcasting
  2323 | D:2      | Learned a level 4 spell: Ice Form
  2405 | D:2      | Reached XP level 5. HP: 33/37 MP: 8/12
  2902 | D:3      | Noticed Jessica
  2909 | D:3      | Killed Jessica
  2909 | D:3      | Reached skill level 5 in Spellcasting
  3392 | D:3      | Reached XP level 6. HP: 23/43 MP: 9/13
  3616 | D:3      | Learned a level 5 spell: Blade Hands
  3877 | D:3      | Noticed Sigmund
  3986 | D:3      | Gained mutation: You are occasionally teleported next to monsters. [mutagenic glow]
  4029 | D:2      | Gained mutation: Potions are less effective at restoring your health. [mutagenic glow]
  4088 | D:2      | Gained mutation: Your body sometimes deteriorates upon taking damage. [mutagenic glow]
  4156 | D:3      | Gained mutation: You tend to lose your temper in combat. [mutagenic glow]
  4375 | D:3      | Noticed Natasha
  4387 | D:3      | Killed from afar by Natasha

Skill      XL: |  1  2  3  4  5  6 |
---------------+-------------------+-----
Spellcasting   | 3 4 5 |  5.1
Transmutations | 4 |  4.2
Unarmed Combat | 4 |  4.0
Fighting       | |  1.1
Dodging        | |  2.6

Action                   |  1- 3 |  4- 6 || total
-------------------------+-------+-------++-------
Melee: Unarmed           |   112 |   122 ||   234
       Headbutt          |     6 |     4 ||    10
 Cast: Beastly Appendage |    12 |     5 ||    17
       Sticks to Snakes  |     1 |     3 ||     4
       Spider Form       |     7 |    14 ||    21
  Use: Scroll            |     3 |     6 ||     9
       Potion            |       |     1 ||     1
 Stab: Sleeping          |       |     2 ||     2
  Eat: Ration            |     1 |     4 ||     5
Armor: Robe              |    25 |    13 ||    38
       Skin              |     1 |     5 ||     6
Dodge: Dodged            |    96 |   156 ||   252
